 Dungeon Crawl Stone Soup version 0.18-a0-1285-g60d00e1 (webtiles) character file.

1653 Scytalen the Carver (level 9, -2/64 HPs)
             Began as a Formicid Fighter on Feb 7, 2016.
             Was a Follower of Ru.
             Incinerated by a hell hog (5 damage)
             ... with a sticky flame
             ... on level 1 of the Abyss on Feb 8, 2016.
             The game lasted 00:24:10 (7243 turns).

Scytalen the Carver (Formicid Fighter)              Turns: 7243, Time: 00:24:10

Health: -2/64      AC: 16    Str: 25    XL:     9   Next: 19%
Magic:  9/9        EV:  8    Int:  9    God:    Ru [*.....]
Gold:   110        SH: 12    Dex: 13    Spells: 0 memorised, 8 levels left

rFire  . . .     SeeInvis +     a - +0 long sword
rCold  . . .     Gourm    .     y - +2 chain mail {rPois}
rNeg   . . .     Faith    .     c - +0 shield
rPois  +         Spirit   .     (helmet unavailable)
rElec  .         Dismiss  .     (no cloak)
rCorr  .         Reflect  .     (no gloves)
SustAt .         Harm     .     (no boots)
MR     .....                    (no amulet)
Stlth  ..........               A - +2 ring of protection
                                i - +1 ring of protection

@: mighty, liquid flames, non-regenerating, mildly diseased, glowing, not
resistant to hostile enchantments, extremely unstealthy
A: permanent stasis, dig shafts and tunnels, four strong arms, antennae 3,
yellow scales 1, inexperienced 1
a: Dig, Shaft Self, Renounce Religion


You were on level 1 of the Abyss.
You worshipped Ru.
Ru was aware of your devotion.
You were not hungry.

You visited 1 branch of the dungeon, and saw 6 of its levels.
You visited the Abyss 1 time.

You collected 266 gold pieces.
You spent 156 gold pieces at shops.

Inventory:

Hand Weapons
 a - a +0 long sword (weapon)
Missiles
 e - 222 stones
 g - 29 poisoned needles
 m - 8 needles of sleeping
 q - 4 javelins (quivered)
Armour
 b - a +0 scale mail
 c - a +0 shield (worn)
 y - a +2 chain mail of poison resistance (worn)
Jewellery
 i - a +1 ring of protection (left hand)
 u - an uncursed ring of sustain attributes
 A - a +2 ring of protection (right hand)
Wands
 s - a wand of acid (10/15)
Scrolls
 h - 4 scrolls of remove curse
 k - a scroll of teleportation {unknown}
 v - a scroll of enchant armour {unknown}
 w - a scroll of enchant weapon {unknown}
 x - a scroll of amnesia {unknown}
 C - a scroll of identify
 F - a scroll of recharging {unknown}
Potions
 d - a potion of might
 j - 3 potions of curing
 n - a potion of agility
 r - a potion of mutation
 z - 2 potions of flight
 B - a potion of brilliance
 E - 2 potions of lignification
Miscellaneous
 G - a sack of spiders
Comestibles
 f - 4 bread rations
 o - a slice of pizza
 p - 2 meat rations
 D - a royal jelly


   Skills:
 - Level 3.2 Fighting
 + Level 9.5 Long Blades
 - Level 3.2 Armour
 - Level 9.2 Shields


You had 8 spell levels left.
You didn't know any spells.

Dungeon Overview and Level Annotations

Branches:
Dungeon (6/15)
 Temple: D:4-7

Altars:
Ashenzari
Elyvilon
Okawaru
Ru
Sif Muna
Zin

Shops:
D:5 *   D:6 %

Annotations:
D:5 Crazy Yiuf, Eustachio


Innate Abilities, Weirdness & Mutations

You are under a permanent stasis effect.
You can dig through walls and to a lower floor.
Your four strong arms can wield two-handed weapons with a shield.
You have a pair of large antennae on your head (SInv).
You are somewhat inexperienced (-2 XL).
You are partially covered in yellow scales (AC +2).


Message History

The hell hog sprays you with burning goo.
The sticky flame hits you!
You are covered in liquid flames!
* * * LOW HITPOINT WARNING * * *
A worldbinder comes into view.
You take 8 damage, and have 12/64 hp.
Unknown command.
You closely miss the hell hog.
The hell hog is lightly wounded.
You are covered in liquid flames!
* * * LOW HITPOINT WARNING * * *
The worldbinder calls forth creatures from the Lair of Beasts!
The manticore zombie bites you but does no damage.
The manticore zombie claws you but does no damage.
The manticore zombie claws you.
* * * LOW HITPOINT WARNING * * *
The hell hog bites you but does no damage.
You take 9 damage, and have 3/64 hp.
You are covered in liquid flames!
You die...

#. ...#.. ..#....
... ........... ..
..................
..................
#.....#.....#.....
# ...###...## ...#
#.....#.....#.....
..................
..........@.......
........h.Z.......
#.....#.....#.....
##...###...###..?#
#.... ..... ...
?... ....... ...
.>.. ........F ยง.
...........
...##..##.#x.


You could see a hell hog and a manticore zombie.

Vanquished Creatures
  Pikel (D:5)
  An ancient zyme (Abyss:1)
  Sigmund (D:6)
  Edmund (D:6)
  A sky beast (D:5)
  3 slaves (D:5)
  3 centaurs
  2 scorpions
  A water moccasin zombie (D:5)
  A hound (D:5)
  An orc priest (D:4)
  2 orc wizards
  An iguana (D:6)
  3 worker ants
  A killer bee zombie (D:5)
  6 gnolls
  10 adders
  5 oozes (D:1)
  5 worms
  4 giant geckos
  15 orcs
  11 bats
  4 giant cockroaches
  5 goblins
  12 hobgoblins
  8 jackals
  11 kobolds
  A quokka (D:4)
  A ball python (D:1)
  A giant cockroach zombie (D:6)
  A giant gecko skeleton (D:4)
  4 giant newts
  A quokka skeleton (D:6)
  7 rats
135 creatures vanquished.

Notes
Turn   | Place    | Note
--------------------------------------------------------------
     0 | D:1      | Scytalen the Formicid Fighter began the quest for the Orb.
     0 | D:1      | Reached XP level 1. HP: 18/18 MP: 1/1
     1 | D:1      | Found a runed door.
    19 | D:1      | Reached XP level 2. HP: 13/24 MP: 2/2
    35 | D:1      | Reached XP level 3. HP: 16/29 MP: 3/3
   789 | D:1      | Reached XP level 4. HP: 35/35 MP: 4/4
   797 | D:1      | Reached skill level 4 in Long Blades
   816 | D:1      | Upgraded the game from 0.18-a0-1273-g8ec5f8e to 0.18-a0-1285-g60d00e1
  1844 | D:2      | Reached XP level 5. HP: 33/41 MP: 5/5
  2065 | D:2      | Reached skill level 5 in Long Blades
  3193 | D:3      | Found a sacrificial altar of Ru.
  3201 | D:3      | Became a worshipper of Ru the Awakened
  3359 | D:3      | Reached XP level 6. HP: 28/47 MP: 6/6
  3664 | D:3      | Found a white marble altar of Elyvilon.
  3782 | D:3      | Reached skill level 6 in Long Blades
  4131 | D:4      | Found a shattered altar of Ashenzari.
  4309 | D:4      | Reached skill level 5 in Shields
  4583 | D:4      | Found a deep blue altar of Sif Muna.
  4771 | D:4      | Reached XP level 7. HP: 47/52 MP: 7/7
  4781 | D:4      | Found an iron altar of Okawaru.
  4945 | D:4      | Gained mutation: You are somewhat inexperienced (-2 XL). [Ru sacrifice]
  4945 | D:4      | Reached XP level 6. HP: 47/47 MP: 6/6
  4945 | D:4      | Reached XP level 5. HP: 41/41 MP: 5/5
  4945 | D:4      | Reached * piety under Ru
  5177 | D:5      | Entered Level 5 of the Dungeon
  5193 | D:5      | Noticed a sky beast
  5211 | D:5      | Killed a sky beast
  5211 | D:5      | Reached XP level 6. HP: 29/47 MP: 6/6
  5215 | D:5      | Gained mutation: You are partially covered in yellow scales (AC +2). [mutagenic meat]
  5301 | D:5      | Noticed Eustachio
  5354 | D:5      | Noticed Pikel
  5354 | D:5      | Noticed a slave
  5354 | D:5      | Noticed a slave
  5354 | D:5      | Noticed a slave
  5471 | D:5      | Reached skill level 7 in Shields
  5698 | D:6      | Found Rotroke's Food Boutique.
  5724 | D:6      | Noticed Edmund
  5740 | D:6      | Reached XP level 7. HP: 52/52 MP: 7/7
  5748 | D:6      | Killed Edmund
  5748 | D:6      | Reached skill level 8 in Shields
  5808 | D:6      | Noticed Sigmund
  5834 | D:6      | Killed Sigmund
  5834 | D:6      | Reached skill level 9 in Shields
  5926 | D:6      | Found a glowing silver altar of Zin.
  6036 | D:6      | Reached XP level 8. HP: 58/58 MP: 8/8
  6606 | D:5      | Found Ulucrall's General Store.
  6614 | D:5      | Bought a potion of lignification for 39 gold pieces
  6614 | D:5      | Bought a scroll of identify for 26 gold pieces
  6614 | D:5      | Bought a scroll of identify for 26 gold pieces
  6614 | D:5      | Bought a potion of berserk rage for 65 gold pieces
  7052 | D:5      | Killed Pikel
  7052 | D:5      | Reached XP level 9. HP: 61/64 MP: 9/9
  7140 | D:5      | Noticed Crazy Yiuf
  7146 | D:5      | Cast into level 1 of the Abyss (Crazy Yiuf)
  7157 | Abyss:1  | Noticed an ancient zyme
  7182 | Abyss:1  | Killed an ancient zyme
  7187 | Abyss:1  | Noticed a sun demon
  7232 | Abyss:1  | Noticed a hell hog
  7242 | Abyss:1  | Noticed a worldbinder
  7242 | Abyss:1  | HP: 3/64 [manticore zombie (4)]
  7243 | Abyss:1  | Noticed a blink frog
  7243 | Abyss:1  | Incinerated by a hell hog

Vault maps used:
D:1:      dpeg_arrival_caged_fury
D:2:      first_bread
D:3:      lemuel_crystal_altar, lemuel_crystal_altar
D:4:      okawaru_altar_gauntlet_db, nicolae_ashenzari_panopticon,
          lemuel_crystal_altar
D:5:      minmay_temple_entry_junction, serial_shops,
          nicolae_shop_temple_entry_statues_fountains, uniq_crazy_yiuf_cottage,
          uniq_pikel, uniq_eustachio
D:6:      zin_academy, serial_shops, shop_statue, uniq_sigmund, uniq_edmund

Action                   |  1- 3 |  4- 6 |  7- 9 || total
-------------------------+-------+-------+-------++-------
Melee: Long sword        |    95 |   376 |   189 ||   660
Throw: Stone             |     7 |    34 |     4 ||    45
       Javelin           |       |    17 |    15 ||    32
Invok: Sacrifice Experie |       |     1 |       ||     1
 Abil: Dig               |     1 |     4 |     3 ||     8
  Use: Scroll            |       |     1 |     5 ||     6
       Potion            |       |     3 |     4 ||     7
  Eat: Chunk             |       |    15 |     7 ||    22
       Beef jerky        |       |     1 |       ||     1
